 Dungeon Crawl Stone Soup version 0.21-a0-186-g02e8684 (webtiles) character file.

56 wolfsongas the Poker (level 3, -3/27 HPs)
             Began as a Demonspawn Gladiator on Aug 13, 2017.
             Killed from afar by an adder (25 damage)
             ... with an exploding inner flame
             ... hexed by the player character
             ... on level 2 of the Dungeon.
             The game lasted 00:02:47 (1564 turns).

wolfsongas the Poker (Demonspawn Gladiator)         Turns: 1564, Time: 00:02:47

Health: -3/27      AC:  5    Str: 15    XL:     3   Next: 71%
Magic:  3/3        EV: 12    Int:  9    God:
Gold:   95         SH:  0    Dex: 14    Spells: 2/2 levels left

rFire    . . .     SeeInvis .   a - +0 trident
rCold    . . .     Gourm    .   (no shield)
rNeg     . . .     Faith    .   b - +0 leather armour
rPois    .         Spirit   .   c - +0 helmet
rElec    .         Reflect  .   (no cloak)
rCorr    .         Harm     .   k - +0 pair of gloves
MR       .....                  (no boots)
Stlth    ++........             (no amulet)
HPRegen  0.09/turn              (no ring)
MPRegen  0.08/turn              (no ring)

@: no status effects
A: nightstalker 1
a: no special abilities


You were on level 2 of the Dungeon.
You were not hungry.

You visited 1 branch of the dungeon, and saw 3 of its levels.

You collected 95 gold pieces.

Inventory:

Hand Weapons
 a - a +0 trident (weapon)
Missiles
 d - 3 throwing nets (quivered)
Armour
 b - a +0 leather armour (worn)
 c - a +0 helmet (worn)
 k - a +0 pair of gloves (worn)
 m - a +0 plate armour
Wands
 p - a wand of random effects (38/48)
Scrolls
 i - a scroll of fear {unknown}
 o - a scroll of remove curse {unknown}
Potions
 e - 2 potions of haste
 j - 2 potions of heal wounds {unknown}
 n - a potion of cancellation {unknown}
 q - a potion of degeneration {unknown}
Books
 r - a book of Minor Magic

   Spells                             Type                      Level
   a - Magic Dart                     Conjuration                  1
   b - Blink                          Translocation                2
   c - Call Imp                       Summoning                    2
   d - Slow                           Hexes                        2
   e - Conjure Flame                  Conjuration/Fire             3
   f - Mephitic Cloud                 Conjuration/Poison/Air       3
Comestibles
 f - 2 bread rations
 g - a chunk of flesh
 l - a meat ration


   Skills:
 - Level 2.0 Fighting
 * Level 4.1 Polearms
 - Level 1.7 Throwing
 + Level 0.6 Armour
 - Level 2.6 Dodging
 + Level 0.2 Stealth


You had 2 spell levels left.
You didn't know any spells.

Dungeon Overview and Level Annotations

Branches:
Dungeon (3/15)

Altars:
Xom


Innate Abilities, Weirdness & Mutations

You are slightly more attuned to the shadows.


Message History

Okay, then.
The adder barely misses you.
You climb upwards.
There is a stone staircase leading down here.
You barely miss the adder. The adder closely misses you. The adder bites you.
You closely miss the adder. The adder barely misses you.
You hit the adder.
The adder is heavily wounded.
The adder bites you but does no damage.
You miss the adder.
The adder is heavily wounded.
The adder bites you but does no damage. x2
You barely miss the adder.
The adder is heavily wounded.
The adder bites you.
You puncture the adder!
The adder explodes!
The fiery explosion engulfs you!
Ouch! That really hurt!
You die...

#..##.##.....# #......
##.##.##.#'### #######
##########..#.##.#.#
#...........#.##.#.#
#.............##.#.#
#..........#..##.#.#
#..........#§§##.#.#
#..........##§##.#<#
#..........'§@##(####
#..........##.......#
#..........##.....(.#########
#..........##....b.[........#
#..........#####.#..........#
#..........# #.#..........#
#########'### ##.############
#........# #.(.....#
#####........# #b......###


There were no monsters in sight!

Vanquished Creatures
  An adder (D:2)
  2 worms
  3 leopard geckos (D:1)
  A ball python (D:2)
  3 giant cockroaches
  2 goblins (D:1)
  5 hobgoblins
  5 kobolds
  9 bats
  2 frilled lizards
  5 rats
38 creatures vanquished.

Notes
Turn   | Place    | Note
-------+----------+-------------------------------------------
     0 | D:1      | wolfsongas the Demonspawn Gladiator began the quest for the Orb.
     0 | D:1      | Reached XP level 1. HP: 16/16 MP: 1/1
   227 | D:1      | Reached skill level 3 in Polearms
   288 | D:1      | Gained mutation: You are slightly more attuned to the shadows. [demonic ancestry]
   288 | D:1      | Reached XP level 2. HP: 22/22 MP: 2/2
   714 | D:1      | Reached XP level 3. HP: 27/27 MP: 3/3
   834 | D:2      | Found a shimmering altar of Xom.
  1034 | D:2      | Reached skill level 4 in Polearms
  1564 | D:2      | Killed from afar by an adder

Vault maps used:
D:1:      evilmike_arrival_run_for_it
D:2:      xom_butterflies
D:3:      lemuel_round_altar, portal_sewer_entry_d, nrook_mini_vaults,
          uniq_ijyb, uniq_natasha

Skill      XL: |  1  2  3 |
---------------+----------+-----
Polearms       | 3 4 |  4.1
Fighting       | |  2.0
Throwing       | |  1.7
Armour         | |  0.6
Dodging        | |  2.6
Stealth        | |  0.2

Action                   || total
-------------------------++-------
Melee: Trident           ||   167
  Use: Scroll            ||     1
       Potion            ||     1
 Stab: Sleeping          ||     5
  Eat: Chunk             ||     2
Armor: Leather armour    ||    63
Dodge: Dodged            ||    93
